 Dungeon Crawl Stone Soup version 0.25-a0-346-g140ab784a8 (webtiles) character file.

Game seed: 7684105993269920518, levelgen mode: deterministic

128 BritishOli the Slasher (level 4, -2/35 HPs)
             Began as a Demonspawn Gladiator on Jan 1, 2020.
             Slain by Duvessa
             ... wielding a +0 short sword
              (4 damage)
             ... on level 4 of the Dungeon.
             The game lasted 00:01:34 (1880 turns).

BritishOli the Slasher (Demonspawn Gladiator)       Turns: 1880, Time: 00:01:34

Health: -2/35      AC:  4    Str: 15    XL:     4   Next: 86%
Magic:  4/4        EV: 13    Int:  9    God:
Gold:   151        SH:  0    Dex: 15    Spells: 3/3 levels left

rFire    . . .     SeeInvis .   a - +0 long sword
rCold    . . .     Gourm    .   (no shield)
rNeg     . . .     Faith    .   b - +0 leather armour
rPois    .         Spirit   .   c - +0 helmet
rElec    .         Reflect  .   (no cloak)
rCorr    .         Harm     .   (no gloves)
MR       .....                  (no boots)
Stlth    +.........             (no amulet)
HPRegen  0.11/turn              (no ring)
MPRegen  0.09/turn              (no ring)

@: glowing
A: claws 1, spiny 1
a: no special abilities


You were on level 4 of the Dungeon.
You were not hungry.

You visited 1 branch of the dungeon, and saw 4 of its levels.

You collected 151 gold pieces.

Inventory:

Hand Weapons
 a - a +0 long sword (weapon)
Armour
 b - a +0 leather armour (worn)
 c - a +0 helmet (worn)
Jewellery
 r - a +3 ring of dexterity {unknown}
Wands
 s - a wand of polymorph (7)
 y - a wand of acid (6)
Scrolls
 i - 2 scrolls of magic mapping {unknown}
 j - 4 scrolls of identify {unknown}
 k - 5 scrolls of remove curse {unknown}
 l - 2 scrolls of fear {unknown}
 m - 2 scrolls of enchant armour {unknown}
 q - a scroll of teleportation {unknown}
 t - a scroll of immolation {unknown}
 x - 2 scrolls of enchant weapon {unknown}
Potions
 e - a potion of flight {unknown}
 g - a potion of mutation {unknown}
 h - 2 potions of heal wounds {unknown}
 n - 3 potions of curing {unknown}
 o - a potion of brilliance {unknown}
 p - a potion of degeneration {unknown}
 u - 2 potions of might {unknown}
 v - a potion of haste {unknown}
 w - a potion of lignification {unknown}
Comestibles
 f - 15 rations


   Skills:
 + Level 3.0 Fighting
 + Level 3.4 Long Blades
 + Level 2.7 Throwing
 + Level 3.4 Dodging


You had 3 spell levels left.
You didn't know any spells.
Your spell library was empty.

Dungeon Overview and Level Annotations

Branches:
Dungeon (4/15)
 Temple: D:4-7

Altars:
Ashenzari
Kikubaaqudgha
Wu Jian

Annotations:
D:4 Dowan, Duvessa


Innate Abilities, Weirdness & Mutations

You have sharp fingernails.
You are partially covered in sharp spines.


Message History

You hit Duvessa.
Duvessa is moderately wounded.
The howler monkey hoots and howls with incredible vigour!
Duvessa closely misses you. x2; You riposte.
You hit Duvessa.
Duvessa is heavily wounded.
You hit Duvessa but do no damage.
Duvessa is heavily wounded.
The orc wizard mumbles some strange words.
The orc wizard flickers and vanishes!
Deactivating autopickup; reactivate with Ctrl-A.
Duvessa hits you with a +0 short sword!
* * * LOW HITPOINT WARNING * * *
Unknown command.
Unknown command.
Unknown command.
Unknown command.
You hit Duvessa.
Duvessa is heavily wounded.
Duvessa hits you with a +0 short sword.
You die...

#........##
.(.?......##
........... ^.........
....e.... .......o#
.....o(h# # ...####e##
#.. .# ##@###.......##
#.............#
##..............##
###................##
##...................#
##.....................
#......................
#.....................#
##....................#


You could see Duvessa, Dowan, a howler monkey and 2 orcs.

Vanquished Creatures
  A crimson imp (D:2)
  3 adders
  2 oozes (D:1)
  2 dart slugs (D:1)
  3 giant cockroaches
  8 hobgoblins
  2 jackals (D:1)
  2 quokkas (D:2)
  2 ball pythons (D:1)
  6 bats
  4 frilled lizards
  5 goblins
  7 kobolds
  10 rats
57 creatures vanquished.

Notes
Turn   | Place    | Note
-------+----------+-------------------------------------------
     0 | D:1      | BritishOli the Demonspawn Gladiator began the quest for the
                  | Orb.
     0 | D:1      | Reached XP level 1. HP: 16/16 MP: 1/1
    79 | D:1      | Gained mutation: You are partially covered in sharp spines.
                  | [demonic ancestry]
    79 | D:1      | Reached XP level 2. HP: 18/22 MP: 2/2
   475 | D:1      | Reached XP level 3. HP: 28/28 MP: 3/3
   928 | D:2      | Found an ancient bone altar of Kikubaaqudgha.
  1078 | D:2      | Gained mutation: You have sharp fingernails. [demonic
                  | ancestry]
  1078 | D:2      | Reached XP level 4. HP: 25/34 MP: 4/4
  1758 | D:3      | Found an ornate altar of the Wu Jian Council.
  1842 | D:4      | Found a shattered altar of Ashenzari.
  1861 | D:4      | Noticed Duvessa
  1861 | D:4      | Noticed Dowan
  1880 | D:4      | Slain by Duvessa

Levels and vault maps discovered:
D:1:      lemuel_arrival_muddy, layout_basic, serial_co_window_serial,
          co_window_of_opportunity_a, co_window_paths_a, co_window_corner_a,
          co_window_of_opportunity_a, co_window_cross_1, co_window_corner_ca,
          co_window_unsneaky_path_a, co_window_of_opportunity_b,
          co_window_paths_d, glass_columns_b, glass_columns_a, glass_columns_b,
          glass_columns_a, serial_park_tiny_2
D:2:      layout_loops_ring, kiku_gazebo_garden_becter, feat_on_display
D:3:      layout_rooms, lemuel_coloured_pillars_altar
D:4:      layout_cave_pods, ashenzari_altar_1, uniq_duvessa

Skill      XL: |  1  2  3  4 |
---------------+-------------+-----
Throwing       | 2 |  2.7
Dodging        | 3 |  3.4
Long Blades    | 3 |  3.4
Fighting       | 3 |  3.0

Action                   |  1- 3 |  4- 6 || total
-------------------------+-------+-------++-------
Melee: Long sword        |    72 |    48 ||   120
Throw: Throwing net      |       |     3 ||     3
 Stab: Sleeping          |     1 |       ||     1
  Eat: Chunk             |       |     3 ||     3
Armor: Leather armour    |    16 |    11 ||    27
Dodge: Dodged            |    58 |    33 ||    91
       Rpst.: Long sword |    15 |    13 ||    28

Table legend:
 A = Non-vault XP
 B = Vault XP
 C = Vault XP percentage of total XP
 D = Non-vault monster count
 E = Vault monster count
 F = Vault count percentage of total count
                 A         B        C        D         E       F
            +---------+---------+-------+---------+---------+-------
      Total |     183 |       0 |   0.0 |      57 |       0 |   0.0
            +---------+---------+-------+---------+---------+-------
        D:1 |      48 |       0 |   0.0 |      24 |       0 |   0.0
        D:2 |      94 |       0 |   0.0 |      23 |       0 |   0.0
        D:3 |      41 |       0 |   0.0 |      10 |       0 |   0.0
            +---------+---------+-------+---------+---------+-------
